 Dungeon Crawl Stone Soup version 0.28-a0-194-g42b4daccc1 (webtiles) character file.

Game seed: 12449321538995567212

104 Nattfarinn the Grave Robber (level 4, -5/35 (36) HPs)
             Began as a Deep Dwarf Necromancer on Aug 18, 2021.
             Killed by divine providence
             ... invoked by an orc priest
              (9 damage)
             ... on level 3 of the Dungeon.
             The game lasted 00:04:49 (1226 turns).

Nattfarinn the Grave Robber (DDNe)                  Turns: 1226, Time: 00:04:49

HP:   -5/35 (36)    AC:  2    Str: 13    XL:     4   Next: 52%
MP:   2/8           EV: 20    Int: 15    God:
Gold: 72            SH:  0    Dex: 13    Spells: 4/8 levels left

rFire   . . .      SeeInvis .   j - staff of cold
rCold   + . .      Faith    .   (no shield)
rNeg    . . .      Spirit   .   a - +0 robe
rPois   .          Reflect  .   (no helmet)
rElec   .          Harm     .   (no cloak)
rCorr   .          Rampage  .   (no gloves)
Will    .....                   (no boots)
Stlth   ++........              b - amulet of magic regeneration
HPRegen 0.00/turn               i - +4 ring of evasion
MPRegen 0.36/turn               m - +4 ring of evasion

@: mighty, hasted, lightly drained, very quick
A: damage resistance, heal wounds, sense surroundings 1, no regeneration
a: Heal Wounds


You were on level 3 of the Dungeon.
You visited 1 branch of the dungeon, and saw 3 of its levels.

You collected 72 gold pieces.

Inventory:

Hand Weapons
 k - a +1 dagger of holy wrath
Armour
 a - a +0 robe (worn)
Magical Staves
 j - a staff of cold (weapon)
Jewellery
 b - an amulet of magic regeneration (around neck)
 g - a +4 ring of evasion
 i - a +4 ring of evasion (left hand)
 l - a ring of willpower
 m - a +4 ring of evasion (right hand)
Scrolls
 c - a scroll of magic mapping {unknown}
 e - a scroll of teleportation {unknown}
 n - a scroll of silence {unknown}
Potions
 d - a potion of might
 h - a potion of curing {unknown}


   Skills:
 - Level 2.1 Dodging
 - Level 2.4 Stealth
 + Level 2.7 Spellcasting
 - Level 6.0 Necromancy


You had 4 spell levels left.
You knew the following spells:

 Your Spells              Type           Power      Damage    Failure   Level
a - Pain                  Necr           80%        1d8       1%          1
b - Vampiric Draining     Necr           10%        2d7       5%          3

Your spell library contained the following spells:

 Spells                   Type           Power      Damage    Failure   Level
 Animate Skeleton         Necr           40%        N/A       1%          1
 Animate Dead             Necr           10%        N/A       17%         4
 Blink                    Tloc           N/A        N/A       30%         2
 Lesser Beckoning         Tloc           1%         N/A       52%         3
 Agony                    Necr           20%        N/A       43%         5
 Manifold Assault         Tloc           2%         N/A       99%         5


Dungeon Overview and Level Annotations

Branches:
Dungeon (3/15)

Altars:

Annotations:
D:3 3 runed translucent doors, wiebster667's ghost, weakling MiFi


Innate Abilities, Weirdness & Mutations

You are resistant to damage.
You can heal yourself by infusing magical energy.
You passively map a small area around you.
You do not regenerate.


Message History

The orc priest is moderately wounded.
The orc priest completely misses you. The orc priest misses you.
You hit the orc priest but do no damage.
The orc priest is moderately wounded.
The orc priest barely misses you.
You closely miss the orc priest.
The orc priest is moderately wounded.
The orc priest closely misses you.
Your magical contamination has completely faded away.
You are too injured to fight recklessly!
Casting: Vampiric Draining (dangerous; 5% risk of failure)
Confirm with . or Enter, or press ? or * to list all spells.
Aiming: Vampiric Draining (dangerous; 5% risk of failure)
Press: ? - help, Shift-Dir - straight line, f/p - orc priest
Aim: an orc priest, wielding a +0 hand axe and wearing a +0 leather armour (moderately wounded)
You draw life force from the orc priest!
You feel life coursing into your body. The orc priest barely misses you.
You closely miss the orc priest.
The orc priest is almost dead.
The orc priest calls down the wrath of Beogh upon you.
You struggle to resist.
You closely miss the orc priest.
The orc priest is almost dead.
The orc priest hits you with a +0 hand axe!
You hit the orc priest but do no damage.
The orc priest is almost dead.
The orc priest hits you with a +0 hand axe.
The orc priest hits you with a +0 hand axe!
* * * LOW HITPOINT WARNING * * *
You closely miss the orc priest.
The orc priest is almost dead.
The orc priest hits you with a +0 hand axe.
* * * LOW HITPOINT WARNING * * *
It was a potion of might.
You feel very mighty all of a sudden. The orc priest barely misses you.
It was a potion of haste.
You feel yourself speed up.
The orc priest invokes the aid of Beogh against you.
Beogh smites you!
You die...

.....# #...........##......####
.†...# #........†..##......#
.....# #...........##......#
.....# #...........##......####
##.#### #####.###.####..........
.#....########.# #.####......####
................ ..............#
###...######.#####o######...##.##
................@o{...# #...##...
###...######.#####o.### #......##
*#...# #)# ..# #.#>..... .....#
#.#* ..# #....#.## ###...# * #..
,..# ####.#.# ,..... , ... ... *
#.#.# ###.### *#### *..#. #.#.#
..# .##. #.#.# , * , #.#.#


You could see 2 orc priests and an orc.

Vanquished Creatures
  5 adders
  A worm (D:2)
  A dart slug (D:2)
  An orc (D:3)
  4 endoplasms
  3 giant cockroaches
  6 goblins
  4 hobgoblins
  2 quokkas
  6 ball pythons
  6 bats
  2 frilled lizards
  3 kobolds
  11 rats
55 creatures vanquished.

Notes
Turn   | Place    | Note
-------+----------+-------------------------------------------
     0 | D:1      | Nattfarinn the Deep Dwarf Necromancer began the quest for
                  | the Orb.
     0 | D:1      | Reached XP level 1. HP: 15/15 MP: 3/3
   149 | D:1      | Reached XP level 2. HP: 16/22 MP: 1/5
   352 | D:1      | Reached skill level 5 in Necromancy
   508 | D:2      | Reached XP level 3. HP: 20/28 MP: 3/6
   512 | D:2      | Learned a level 3 spell: Vampiric Draining
   794 | D:2      | Reached XP level 4. HP: 30/36 MP: 5/7
  1123 | D:3      | Found a runed translucent gate.
  1123 | D:3      | Found a runed translucent gate.
  1123 | D:3      | Found a runed translucent gate.
  1144 | D:3      | Noticed wiebster667's ghost (weakling MiFi)
  1209 | D:3      | Reached skill level 6 in Necromancy
  1226 | D:3      | Killed from afar by an orc priest

Illustrated notes

Levels and vault maps discovered:
D:1:      giann_bridges, layout_rooms
D:2:      layout_rooms, grunt_ministairs_9
D:3:      layout_basic, worldfamousw_hep_ancestral_shrine,
          gammafunk_temple_overflow_pools, ebering_ghost_rock_garden

Skill      XL: |  1  2  3  4 |
---------------+-------------+-----
Spellcasting   | 2 |  2.7
Necromancy     | 5 6 |  6.0
Dodging        | |  2.1
Stealth        | |  2.4

Action                   |  1- 3 |  4- 6 || total
-------------------------+-------+-------++-------
Melee: Unarmed           |     1 |       ||     1
       Staff             |    46 |    46 ||    92
 Cast: Pain              |    44 |       ||    44
       Vampiric Draining |    16 |    14 ||    30
  Use: Potion            |       |     2 ||     2
Armor: Robe              |     9 |     4 ||    13
Dodge: Dodged            |    73 |    54 ||   127

Table legend: (Time is in decaauts)
 A = Elapsed time spent in this place.
 B = Non-inter-level travel time spent in this place.
 C = Inter-level travel time spent in this place.
 D = Time resting spent in this place.
 E = Time spent auto-exploring this place.
 F = Levels seen in this place.
 G = Mean time per level.
                   A        B        C        D        E       F      G
               +--------+--------+--------+--------+--------+-----+--------+
         Total |   1243 |   1214 |     29 |      0 |    799 |   3 |  414.3 |
       Dungeon |   1243 |   1214 |     29 |      0 |    799 |   3 |  414.3 |
               +--------+--------+--------+--------+--------+-----+--------+

Top non-repeatable levels by time:
     D:2: 599 daAuts
     D:1: 487 daAuts
     D:3: 156 daAuts
